 Dungeon Crawl Stone Soup version 0.25-a0-681-gdf4e720381 (webtiles) character file.

Game seed: 8500426871772565277, levelgen mode: deterministic

16909 Flugslaktarn the Cleaver (level 12, -7/112 HPs)
             Began as a Deep Dwarf Fighter on Mar 30, 2020.
             Was an Elder of Makhleb.
             Mangled by a white ugly thing (31 damage)
             ... on level 12 of the Dungeon.
             The game lasted 00:06:32 (6882 turns).

Flugslaktarn the Cleaver (Deep Dwarf Fighter)       Turns: 6882, Time: 00:06:33

Health: -7/112     AC: 21    Str: 25    XL:     12   Next: 14%
Magic:  9/9        EV:  6    Int:  9    God:    Makhleb [****..]
Gold:   473        SH: 12    Dex: 14    Spells: 11/11 levels left

rFire    . . .     SeeInvis .   H - +2 war axe
rCold    . . .     Gourm    .   c - +0 kite shield
rNeg     . . .     Faith    .   B - +0 plate armour
rPois    .         Spirit   .   (no helmet)
rElec    .         Reflect  .   A - +2 cloak
rCorr    +         Harm     .   g - +2 pair of gloves
MR       ++...                  (no boots)
Stlth    ..........             (no amulet)
HPRegen  0.00/turn              E - ring of Zystiyd {MR+ Dex+2 Stlth-}
MPRegen  0.11/turn              k - ring of resist corrosion

@: non-regenerating
A: damage resistance, heal wounds, sense surroundings 2, no regeneration
a: Heal Wounds, Minor Destruction, Lesser Servant of Makhleb, Major Destruction,
Renounce Religion


You were on level 12 of the Dungeon.
You worshipped Makhleb.
Makhleb was greatly pleased with you.
You were not hungry.

You visited 2 branches of the dungeon, and saw 13 of its levels.

You collected 830 gold pieces.
You spent 357 gold pieces at shops.

Inventory:

Hand Weapons
 b - a +1 hand axe of flaming
   (You took it off an orc on level 6 of the Dungeon)
 H - a +2 war axe (weapon)
   (You took it off a wight on level 9 of the Dungeon)
 J - a +0 broad axe
   (You took it off a death knight on level 10 of the Dungeon)
Missiles
 j - 3 throwing nets (quivered)
Armour
 c - a +0 kite shield (worn)
 g - a +2 pair of gloves (worn)
   (You found it on level 5 of the Dungeon)
 m - a scarf of repulsion
   (You found it on level 5 of the Dungeon)
 A - a +2 cloak (worn)
   (You found it on level 11 of the Dungeon)
 B - a +0 plate armour (worn)
   (You found it on level 6 of the Dungeon)
 F - a +1 cloak
   (You took it off Crazy Yiuf on level 7 of the Dungeon)
Jewellery
 k - a ring of resist corrosion (right hand)
   (You found it on level 6 of the Dungeon)
 E - the ring of Zystiyd (left hand) {MR+ Dex+2 Stlth-}
   (You found it on level 6 of the Dungeon)

   [ring of attention]

   It affects your dexterity (+2).
   It affects your resistance to hostile enchantments.
   It makes you less stealthy.
Wands
 l - a wand of enslavement (7)
   (You found it on level 3 of the Dungeon)
 y - a wand of paralysis (10)
   (You found it on level 6 of the Dungeon)
 L - a wand of scattershot (3)
   (You found it on level 10 of the Dungeon)
 M - a wand of clouds (7)
   (You found it on level 10 of the Dungeon)
 O - a wand of iceblast (8)
   (You found it on level 10 of the Dungeon)
Scrolls
 h - a scroll of fear {unknown}
 o - a scroll of magic mapping
 r - a scroll of identify
 s - 2 scrolls of enchant weapon
 t - 3 scrolls of teleportation
 x - 5 scrolls of remove curse
 z - 2 scrolls of blinking
 C - a scroll of immolation
Potions
 d - 2 potions of might
 f - 3 potions of haste
 i - a potion of cancellation
 n - 2 potions of degeneration {unknown}
 p - 4 potions of flight
 q - 6 potions of curing
 u - 2 potions of ambrosia
 v - a potion of mutation {unknown}
 w - 3 potions of heal wounds
 D - a potion of berserk rage {unknown}
 I - 2 potions of magic
 K - a potion of brilliance {unknown}
Comestibles
 a - 17 chunks of flesh
 e - 17 rations


   Skills:
 + Level 8.4 Fighting
 * Level 13.0 Axes
 + Level 9.9 Armour
 + Level 9.8 Shields
 + Level 8.2 Invocations


You had 11 spell levels left.
You didn't know any spells.
Your spell library was empty.

Dungeon Overview and Level Annotations

Branches:
Dungeon (12/15)            Temple (1/1) D:7            Lair (0/6) D:10
    Orc (0/2) D:12

Altars:
Makhleb
Okawaru
Ru
Trog
Uskayaw
Zin
The Shining One

Shops:
D:10 *

Annotations:
D:5 1 exclusion
D:7 3 runed translucent doors, qipq's ghost, novice OpFi
D:9 5 runed translucent doors


Innate Abilities, Weirdness & Mutations

You are resistant to damage.
You can heal yourself by infusing magical energy.
You passively map the area around you.
You do not regenerate.


Message History

The manticore bites you! The manticore closely misses you.
The manticore claws you but does no damage.
You closely miss the white ugly thing.
The white ugly thing is severely wounded.
You hit the manticore. The white ugly thing headbutts you.
The white ugly thing freezes you!!
* * * LOW HITPOINT WARNING * * *
You are too injured to fight recklessly!
You are too injured to fight recklessly!
You are too injured to fight recklessly!
You are too injured to fight recklessly!
You are too injured to fight recklessly!
The manticore flicks its tail.
You block the volley of spikes.
You fail to use your ability.
The white ugly thing headbutts you but does no damage.
You feel much better. The white ugly thing headbutts you!
* * * LOW HITPOINT WARNING * * *
The white ugly thing freezes you!!
You die...

##..............#(##
#.................#
#...............<.#
#.................#
#[................#
#................##
.................#
.....))...)......#
...............#@#
............####u########
##..........#...H.)>....#
##......................#
.#......................#
.............#........?.#
........................#
........................#
.#...........#..........#


You could see a white ugly thing and a manticore.

Vanquished Creatures
  4 two-headed ogres (D:10)
  A death knight (D:10)
  An unseen horror (D:10)
  Pikel (D:4)
  An ugly thing (D:12)
  A manticore (D:11)
  A cyclops (D:12)
  A kobold demonologist (D:11)
  6 trolls
  A hornet (D:10)
  A queen bee (D:8)
  A hippogriff (D:12)
  Prince Ribbit (D:6)
  A meliai zombie (D:10)
  Grum (D:10)
  9 yaks (D:10)
  A water moccasin (D:12)
  2 soldier ants
  3 orc warriors
  5 sky beasts
  8 ice beasts
  2 phantoms
  2 necrophages
  6 ogres
  8 centaurs
  4 wolves (D:10)
  A big kobold (D:11)
  7 bullfrogs
  2 scorpions
  15 killer bees (D:8)
  13 wights
  2 howler monkeys
  6 electric eels (D:10)
  3 bullfrog zombies
  5 crimson imps
  A quasit (D:8)
  3 centaur zombies
  7 hounds
  7 orc priests
  Crazy Yiuf (D:7)
  4 jellies
  2 centaur skeletons
  3 iguanas
  5 orc wizards
  11 worker ants
  A killer bee zombie (D:10)
  A hound skeleton (D:6)
  A howler monkey zombie (D:5)
  10 adders
  3 shadow imps
  2 oozes
  An adder skeleton (D:4)
  2 worms (D:4)
  6 leopard geckos
  22 orcs
  A ball python (D:1)
  3 giant cockroaches
  6 goblins (D:1)
  6 hobgoblins
  2 jackals
  2 quokkas
  12 bats
  7 kobolds
  A quokka zombie (D:5)
  7 rats (D:1)
267 creatures vanquished.

Vanquished Creatures (others)
  3 orcs (D:10)
3 creatures vanquished.

Grand Total: 270 creatures vanquished

Notes
Turn   | Place    | Note
-------+----------+-------------------------------------------
     0 | D:1      | Flugslaktarn the Deep Dwarf Fighter began the quest for the
                  | Orb.
     0 | D:1      | Reached XP level 1. HP: 20/20 MP: 1/1
   130 | D:1      | Reached XP level 2. HP: 21/27 MP: 2/2
   362 | D:1      | Reached skill level 3 in Axes
   367 | D:1      | Reached XP level 3. HP: 14/34 MP: 3/3
   759 | D:4      | Reached XP level 4. HP: 32/42 MP: 4/4
   771 | D:4      | Reached skill level 4 in Axes
   771 | D:4      | Reached XP level 5. HP: 34/49 MP: 5/5
   890 | D:4      | Reached XP level 6. HP: 29/56 MP: 5/5
   919 | D:4      | Noticed an ice beast
   927 | D:4      | Killed an ice beast
   927 | D:4      | Reached skill level 5 in Axes
  1208 | D:4      | Noticed a slave
  1208 | D:4      | Noticed a slave
  1209 | D:4      | Noticed Pikel
  1211 | D:4      | Noticed a slave
  1212 | D:4      | Noticed a slave
  1219 | D:4      | Reached XP level 7. HP: 32/64 MP: 6/6
  1235 | D:4      | Killed Pikel
  1235 | D:4      | Reached skill level 6 in Axes
  1235 | D:4      | Reached skill level 5 in Armour
  1235 | D:4      | Reached skill level 5 in Shields
  1461 | D:4      | Reached XP level 8. HP: 40/73 MP: 7/7
  1543 | D:5      | Entered Level 5 of the Dungeon
  1643 | D:5      | Reached skill level 7 in Axes
  1966 | D:5      | Found a hide-covered altar of Uskayaw,
  2253 | D:6      | Reached skill level 5 in Fighting
  2283 | D:6      | Noticed Prince Ribbit
  2320 | D:6      | Killed Prince Ribbit
  2367 | D:6      | Reached skill level 8 in Axes
  2409 | D:6      | Found a bloodstained altar of Trog,
  2455 | D:6      | Got a smoking copper ring
  2632 | D:7      | Gained mutation: You passively map the area around you.
                  | [Deep Dwarf growth]
  2632 | D:7      | Reached XP level 9. HP: 34/81 MP: 7/7
  2686 | D:7      | Found a runed translucent door,
  2687 | D:7      | Noticed Crazy Yiuf
  2776 | D:7      | Found a glowing golden altar of the Shining One,
  2828 | D:7      | Found a staircase to the Ecumenical Temple,
  2860 | D:7      | Reached skill level 9 in Axes
  2887 | Temple   | Entered the Ecumenical Temple
  2918 | Temple   | Became a worshipper of Makhleb the Destroyer
  3004 | D:7      | Found a runed translucent gate,
  3004 | D:7      | Found a runed translucent gate,
  3004 | D:7      | Found a runed translucent gate,
  3004 | D:7      | Noticed qipq's ghost (novice OpFi)
  3189 | D:7      | Killed Crazy Yiuf
  3204 | D:7      | Identified the ring of Zystiyd {MR+ Dex+2 Stlth-} (You
                  | found it on level 6 of the Dungeon)
  3281 | D:8      | Reached skill level 1 in Invocations
  3326 | D:8      | Noticed a queen bee
  3340 | D:8      | Killed a queen bee
  3683 | D:8      | Reached skill level 10 in Axes
  3875 | D:8      | Reached XP level 10. HP: 34/92 MP: 8/8
  4266 | D:9      | Found the +9 staff of Olgreb {rPois∞}
  4281 | D:9      | Found a runed translucent door,
  4286 | D:9      | Found a runed translucent gate,
  4286 | D:9      | Found a runed translucent gate,
  4287 | D:9      | Found a runed translucent door,
  4297 | D:9      | Found a runed translucent gate,
  4517 | D:9      | Reached * piety under Makhleb
  4809 | D:10     | Entered Level 10 of the Dungeon
  4942 | D:10     | Reached skill level 5 in Invocations
  5060 | D:10     | Killed an unseen horror
  5060 | D:10     | Reached skill level 11 in Axes
  5121 | D:10     | Reached ** piety under Makhleb
  5132 | D:10     | Found a staircase to the Lair,
  5227 | D:10     | Noticed a two-headed ogre
  5233 | D:10     | Killed a two-headed ogre
  5233 | D:10     | Reached XP level 11. HP: 45/100 MP: 9/9
  5265 | D:10     | Noticed a two-headed ogre
  5274 | D:10     | Killed a two-headed ogre
  5377 | D:10     | Noticed a two-headed ogre
  5382 | D:10     | HP: 1/100 [two-headed ogre/+0 giant spiked club (16)]
  5394 | D:10     | Killed a two-headed ogre
  5424 | D:10     | Noticed a two-headed ogre
  5441 | D:10     | Killed a two-headed ogre
  5441 | D:10     | Reached skill level 12 in Axes
  5510 | D:10     | Noticed a death knight
  5530 | D:10     | Killed a death knight
  5681 | D:10     | Found Yhaxt's General Store,
  5686 | D:10     | Bought 2 potions of haste for 260 gold pieces
  5686 | D:10     | Bought a scroll of enchant weapon for 97 gold pieces
  5747 | D:10     | Noticed Grum
  5765 | D:10     | Killed Grum
  5822 | D:10     | Reached *** piety under Makhleb
  6500 | D:12     | Found a staircase to the Orcish Mines,
  6555 | D:12     | Reached **** piety under Makhleb
  6587 | D:12     | Reached XP level 12. HP: 78/111 MP: 8/8
  6768 | D:12     | Reached skill level 13 in Axes
  6879 | D:12     | HP: 5/112 [white ugly thing (32)]
  6882 | D:12     | Mangled by a white ugly thing

Levels and vault maps discovered:
D:1:      dpeg_cavernosity, layout_basic
D:2:      layout_basic, serial_curves, eino_curves_01, eino_curves_04,
          eino_curves_02, eino_curves_03, grunt_dithmenos_smoke
D:3:      layout_loops_ring, grunt_gozag_breadcrumbs, lemuel_crystal_altar,
          saegor_snake_ambush, uniq_grinder
D:4:      wad_lake_hut, layout_basic, first_ration, minmay_manual_mullet,
          uniq_pikel
D:5:      layout_rooms, kennysheep_mini_moat, goddamned_bats
D:6:      layout_rooms, lemuel_doored_altar, due_unseen_surprise,
          uniq_prince_ribbit1
D:7:      layout_cave_pools, tso_metal_star, minmay_temple_entry_poolview,
          ebering_ghost_rock_garden, uniq_crazy_yiuf_cottage
D:8:      layout_cave_pods, david_nohive_1
D:9:      layout_irregular_city, amethyst_killhole,
          minmay_guarded_unrand_staff_of_olgreb
D:10:     minmay_imperfect_grid, layout_basic, serial_shops, shop, uniq_grum
D:11:     layout_roguey
D:12:     layout_rooms, orc_0_dummy, minmay_strange_pillars, uniq_erolcha
Temple:   bh_familiar_temple

Skill      XL: |  1  2  3  4  5  6  7  8  9 10 11 12 |
---------------+-------------------------------------+-----
Axes           | 3 4 5 6 8 10 11 12 13 | 13.0
Fighting       | 3 4 5 6 7 8 |  8.4
Armour         | 4 5 6 7 8 9 |  9.9
Shields        | 4 5 6 7 8 9 |  9.8
Invocations    | 3 5 7 8 |  8.2

Action                   |  1- 3 |  4- 6 |  7- 9 | 10-12 || total
-------------------------+-------+-------+-------+-------++-------
Melee: War axe           |   135 |    96 |   351 |   680 ||  1262
 Abil: Heal Wounds       |     1 |     5 |    16 |    29 ||    51
  Use: Scroll            |       |       |    11 |     7 ||    18
  Eat: Chunk             |       |     2 |     8 |    12 ||    22
Armor: Scale mail        |    89 |    35 |    14 |       ||   138
       Plate armour      |       |       |   243 |   491 ||   734
       Chain mail        |       |       |    24 |       ||    24
       Skin              |       |       |     1 |       ||     1
Dodge: Dodged            |    51 |    31 |   114 |   129 ||   325
       Deflected         |       |       |     2 |       ||     2
Block: Kite shield       |   101 |    45 |   262 |   422 ||   830

Table legend:
 A = Non-vault XP
 B = Vault XP
 C = Vault XP percentage of total XP
 D = Non-vault monster count
 E = Vault monster count
 F = Vault count percentage of total count
                 A         B        C        D         E       F
            +---------+---------+-------+---------+---------+-------
      Total |   15607 |    8549 |  35.4 |     214 |      53 |  19.9
            +---------+---------+-------+---------+---------+-------
        D:1 |      49 |       7 |  12.5 |      28 |       4 |  12.5
        D:2 |       6 |       0 |   0.0 |       3 |       0 |   0.0
        D:3 |       4 |      27 |  87.1 |       2 |       2 |  50.0
        D:4 |     658 |     776 |  54.1 |      18 |       4 |  18.2
        D:5 |     156 |      14 |   8.2 |      10 |       3 |  23.1
        D:6 |     699 |     255 |  26.7 |      15 |       1 |   6.2
        D:7 |     853 |      40 |   4.5 |      15 |       1 |   6.2
        D:8 |     772 |    1219 |  61.2 |      13 |      16 |  55.2
        D:9 |    1402 |       0 |   0.0 |      24 |       0 |   0.0
       D:10 |    5142 |    6211 |  54.7 |      45 |      22 |  32.8
       D:11 |    2047 |       0 |   0.0 |      16 |       0 |   0.0
       D:12 |    3819 |       0 |   0.0 |      25 |       0 |   0.0
            +---------+---------+-------+---------+---------+-------
